 Dungeon Crawl Stone Soup version 0.30-a0-557-ge2afbf3030 (webtiles) character file.

Game seed: 4484035342213804425

5812 greasedhog the Carver (level 10, -6/136 HPs)
             Began as a Pale Draconian Fighter on Dec 27, 2022.
             Was a Believer of Qazlal.
             Mangled by a ten-headed hydra (7 damage)
             ... on level 8 of the Dungeon.
             The game lasted 00:11:55 (7721 turns).

greasedhog the Carver (Pale Draconian Fighter)      Turns: 7721, Time: 00:11:56

Health: -6/136     AC:  8    Str: 15    XL:     10   Next: 50%
Magic:  16/16      EV: 16    Int:  8    God:    Qazlal [**....]
Gold:   668        SH: 10    Dex: 25    Spells: 9/9 levels left

rFire   + . .      SeeInvis +    w - +5 long sword
rCold   . . .      Faith    .    b - +0 buckler
rNeg    . . .      Spirit   .    (body armour unavailable)
rPois   .          Reflect  .    (helmet restricted)
rElec   +          Harm     .    a - -1 cloak "Jeitoc" {rElec Str-4 Dex+4 SInv}
rCorr   .          Rampage  .    (no gloves)
Will    .....                    y - +0 pair of boots Stlth
                                 (no amulet)
HPRegen 0.42/turn                r - +6 ring of dexterity
MPRegen 0.15/turn                E - ring of protection from fire

@: berserking, very quick
A: breathe steam, AC +7, unfitting armour, cold-blooded, steam resistance
a: Breathe Steam, Renounce Religion, Upheaval


You were on level 8 of the Dungeon.
You worshipped Qazlal.
Qazlal was pleased with you.
You visited 1 branch of the dungeon, and saw 8 of its levels.
You also visited: Ossuary.

You collected 668 gold pieces.

Inventory:

Hand Weapons
 w - a +5 long sword (weapon)
Armour
 a - the -1 cloak "Jeitoc" (worn) {rElec Str-4 Dex+4 SInv}
   (You acquired it on level 7 of the Dungeon)

   Str:       It affects your strength (-4).
   Dex:       It affects your dexterity (+4).
   rElec:     It insulates you from electricity.
   SInv:      It lets you see invisible.
 b - a +0 buckler (worn)
 y - a +0 pair of boots (worn)
Jewellery
 r - a +6 ring of dexterity (left hand)
 E - a ring of protection from fire (right hand)
Wands
 x - a wand of mindburst (1)
Scrolls
 d - 4 scrolls of enchant weapon
 e - 6 scrolls of teleportation
 m - 4 scrolls of fog
 n - 6 scrolls of immolation
 o - 3 scrolls of blinking
 q - a scroll of amnesia
 s - 2 scrolls of enchant armour
 t - 2 scrolls of magic mapping {unknown}
 u - a scroll of poison {unknown}
 F - a scroll of silence {unknown}
Potions
 c - 2 potions of might
 f - 2 potions of flight
 g - a potion of lignification
 i - 3 potions of mutation
 j - a potion of berserk rage
 k - a potion of degeneration {unknown}
 l - 2 potions of invisibility {unknown}
 p - 2 potions of heal wounds {unknown}
 v - a potion of attraction {unknown}
 z - a potion of magic
 A - a potion of haste {unknown}
 B - a potion of ambrosia {unknown}
 C - a potion of resistance {unknown}
 D - a potion of cancellation {unknown}


   Skills:
 * Level 9.0 Fighting
 * Level 9.4 Long Blades
 - Level 5.0 Dodging
 - Level 5.8 Shields
 * Level 8.7 Invocations


You had 9 spell levels left.
You didn't know any spells.
Your spell library contained the following spells:

 Spells                   Type           Power      Damage    Failure   Level
 Kiss of Death            Conj/Necr      0%         2d5       50%         1
 Sting                    Tmut/Pois      0%         1d3       50%         1
 Poisonous Vapours        Pois/Air       0%         N/A       63%         2
 Confusing Touch          Hex            0%         N/A       86%         3
 Portal Projectile        Hex/Tloc       0%         N/A       86%         3
 Tukima's Dance           Hex            0%         N/A       86%         3
 Dispel Undead            Necr           0%         3d6       99%         4
 Olgreb's Toxic Radiance  Pois           0%         N/A       99%         4
 Blade Hands              Tmut           0%         N/A       100%        5
 Malign Gateway           Summ/Tloc      0%         N/A       100%        7
 Summon Horrible Things   Summ           0%         N/A       100%        8


Dungeon Overview and Level Annotations

Branches:
Dungeon (8/15)             Temple (0/1) D:7         Ossuary (visited)
   Lair: D:8-11

Altars:
Cheibriados
Fedhas
Nemelex Xobeh
Okawaru
Qazlal
Vehumet
Xom

Shops:
D:4 !   D:6 [((![

Annotations:
D:8 Joseph


Innate Abilities, Weirdness & Mutations

You can breathe blasts of scalding, opaque steam.
Your pale cyan-grey scales are hard. (AC +7)
You cannot fit into any form of body armour.
You are cold-blooded and may be slowed by cold attacks.
You are immune to the effects of steam.


Message History

The centaur warrior barely misses you. The centaur warrior closely misses you.
You slice the centaur warrior!!
You kill the centaur warrior!
Qazlal accepts your kill.
Your Fighting skill increases to level 9!
You chop one of the seven-headed hydra's heads off!
The six-headed hydra grows two more!
You slash the eight-headed hydra!
The eight-headed hydra is lightly wounded.
You chop one of the eight-headed hydra's heads off!
The seven-headed hydra grows two more!
You slash the nine-headed hydra! You tail-slap the nine-headed hydra.
The nine-headed hydra is moderately wounded.
The nine-headed hydra bites you.
* * * LOW HITPOINT WARNING * * *
You block the nine-headed hydra's attack.
The nine-headed hydra bites you but does no damage.
The nine-headed hydra bites you!
* * * LOW HITPOINT WARNING * * *
The nine-headed hydra bites you but does no damage.
The nine-headed hydra bites you!
* * * LOW HITPOINT WARNING * * *
You block the nine-headed hydra's attack.
The nine-headed hydra closely misses you.
You block the nine-headed hydra's attack.
You lop one of the nine-headed hydra's heads off!
The eight-headed hydra grows two more!
You slice the ten-headed hydra!! You tail-slap the ten-headed hydra!
The ten-headed hydra is severely wounded.
The ten-headed hydra misses you.
You block the ten-headed hydra's attack.
The ten-headed hydra completely misses you.
The ten-headed hydra closely misses you.
The ten-headed hydra bites you!
* * * LOW HITPOINT WARNING * * *
You block the ten-headed hydra's attack.
The ten-headed hydra bites you!
* * * LOW HITPOINT WARNING * * *
The ten-headed hydra bites you but does no damage. x2
The ten-headed hydra bites you!
You die...

.........~~~.# ♣@.#
...[...#♣...♣# .#. #.#
.......#♣♣.♣♣ ♣♣.♣♣ #g#
.......#♣...♣ ♣.~.♣ #.#
..[....#♣♣.♣♣ ~~~ #.#####
.......#♣.).♣ .Y. #.....#
...[...#♣♣.♣♣ ♣F♣ #.....#
.......#♣♣.♣♣###D# #.....#
.......#.....#.♣@♣ #.....#
#......#.♣♣♣.#♣.♣.♣ #.....#
#......#.♣ ♣...♣.♣..
#..#### ##.....#.♣
♣.#♣.♣.♣#♣ #..#
##....#.....# ♣.♣.# #..#
###..###################.##
##.....................#
#..##...##......#######
##.....#........#


You could see a ten-headed hydra, a yak and a bullfrog.

Vanquished Creatures
  A centaur warrior (D:8)
  A gargoyle (D:8)
  A hornet (D:7)
  6 yaks
  2 acid dragons (D:7)
  2 water moccasins
  2 orc warriors
  A sky beast (D:7)
  2 black bears (D:7)
  An ogre (D:5)
  3 centaurs
  4 phantoms
  5 bullfrogs
  2 necrophages (D:6)
  2 scorpions (D:6)
  16 wights
  6 killer bees
  A howler monkey (D:5)
  4 hounds (D:6)
  2 jellies
  3 orc priests
  An iguana (D:4)
  5 orc wizards
  8 mummies (Ossuary)
  5 adders
  2 shadow imps (D:6)
  2 white imps
  2 ufetubi
  3 dart slugs
  A worm (D:3)
  29 orcs
  13 bats
  5 endoplasms
  5 giant cockroaches
  A gnoll zombie (Ossuary)
  11 goblins
  9 hobgoblins
  5 kobolds
  2 quokkas (D:4)
  6 ball pythons
  3 frilled lizards
  2 hobgoblin zombies (Ossuary)
  3 kobold zombies (Ossuary)
  2 orc zombies (Ossuary)
  4 rats
196 creatures vanquished.

Vanquished Creatures (others)
  An ufetubus (D:6)
  4 plants (D:2)
5 creatures vanquished.

Grand Total: 201 creatures vanquished

Notes
Turn   | Place    | Note
-------+----------+-------------------------------------------
     0 | D:1      | greasedhog the Draconian Fighter began the quest for the
                  | Orb.
     0 | D:1      | Reached XP level 1. HP: 19/19 MP: 1/1
   133 | D:1      | Reached XP level 2. HP: 26/26 MP: 2/2
   878 | D:2      | Reached XP level 3. HP: 33/33 MP: 3/3
  1216 | D:2      | Found a sparkling altar of Nemelex Xobeh.
  1871 | D:3      | Reached XP level 4. HP: 36/40 MP: 4/4
  2545 | D:4      | Found Zaorer's Distillery.
  2558 | D:4      | Reached XP level 5. HP: 33/47 MP: 5/5
  2855 | D:4      | Noticed a phantom
  2868 | D:4      | Killed a phantom
  2869 | D:4      | Reached skill level 5 in Fighting
  2869 | D:4      | Reached XP level 6. HP: 46/56 MP: 6/6
  2920 | D:4      | Found an iron altar of Okawaru.
  3389 | D:5      | Entered Level 5 of the Dungeon
  3506 | D:5      | Found a stormy altar of Qazlal.
  3506 | D:5      | Found a snail-covered altar of Cheibriados.
  3589 | D:5      | Became a worshipper of Qazlal Stormbringer
  3692 | D:5      | Reached skill level 1 in Invocations
  3692 | D:5      | Your scales start taking on a pale cyan-grey colour.
  3692 | D:5      | Reached XP level 7. HP: 20/61 MP: 7/7
  3692 | D:5      | Gained mutation: You are immune to the effects of steam.
                  | [Pale Draconian growth]
  3861 | D:5      | Found a blossoming altar of Fedhas.
  4525 | D:6      | Reached skill level 5 in Long Blades
  4525 | D:6      | Reached skill level 5 in Dodging
  4542 | D:6      | Found Loaminke's Distillery.
  4542 | D:6      | Found Abedata's Antique Armour Emporium.
  4544 | D:6      | Found Yrorghar's Antique Weapon Emporium.
  4545 | D:6      | Found Iridac's Weapon Emporium.
  4686 | D:6      | Reached XP level 8. HP: 54/68 MP: 8/10
  4687 | D:6      | Reached skill level 5 in Shields
  4735 | D:6      | HP: 2/68 [orc warrior/+0 dire flail (4)]
  4739 | D:6      | Reached * piety under Qazlal
  4825 | D:6      | Found Buddez's Antique Armour Shop.
  4878 | D:6      | Found a shimmering altar of Xom.
  4911 | D:6      | Found a sand-covered staircase.
  4915 | Ossuary  | Entered an ossuary
  5673 | D:6      | Reached skill level 5 in Invocations
  5858 | D:7      | Identified a scroll of acquirement
  5859 | D:7      | Acquired the -1 cloak "Jeitoc" {rElec Str-4 Dex+4 SInv}
  5880 | D:7      | Reached XP level 9. HP: 75/75 MP: 13/13
  5886 | D:7      | Found a radiant altar of Vehumet.
  6187 | D:7      | Reached ** piety under Qazlal
  6623 | D:7      | Found a staircase to the Ecumenical Temple.
  6810 | D:7      | Paralysed by a hornet for 3 turns
  7215 | D:8      | Reached XP level 10. HP: 70/87 MP: 15/15
  7359 | D:8      | Noticed Joseph
  7692 | D:8      | Noticed a gargoyle
  7693 | D:8      | Noticed a centaur warrior
  7700 | D:8      | Noticed a seven-headed hydra
  7708 | D:8      | Killed a gargoyle
  7718 | D:8      | Killed a centaur warrior
  7721 | D:8      | HP: 1/136 [ten-headed hydra (10)]
  7721 | D:8      | Mangled by a ten-headed hydra

Illustrated notes

Levels and vault maps discovered:
D:1:      psy_arrival_whirlpool, layout_rooms, serial_co_window_serial,
          co_window_corner_a, co_window_paths_a, co_window_corner_a,
          co_window_paths_a, co_window_paths_a, co_window_paths_c,
          co_window_unsneaky_path_d, co_window_corner_cb, co_window_paths_e,
          co_window_4corner_b, glass_columns_a, glass_columns_b,
          glass_columns_c, glass_columns_a, st_stairs_13
D:2:      minmay_angry_zag, layout_loops_ring, basic_altar,
          minmay_misc_feat_four_crosses, chequers_big_river
D:3:      layout_rooms, minmay_cut_off
D:4:      layout_loops_ring, mainiacjoe_overflow_paths, serial_shops,
          nicolae_stop_n_shop_1, serial_bayou_pond_d, grunt_ministairs_8
D:5:      layout_basic, fedhas_altar_1, gammafunk_temple_overflow_elements
D:6:      layout_basic, xom_confusion_cloud, enter_ossuary_5, serial_shops,
          shop, minmay_shop_grid_forest
D:7:      layout_basic, vehumet_crystals, temple_statues
D:8:      nzn_winding_woodlands_medium [nzn_winding_woodlands_5x5_perimeter,
          nzn_winding_woodlands_5x15_pool,
          nzn_winding_woodlands_5x5_closed_star,
          nzn_winding_woodlands_5x5_checkerboard,
          nzn_winding_woodlands_center_triple_pond,
          nzn_winding_woodlands_hourglass, nzn_winding_woodlands_5x5_cross,
          nzn_winding_woodlands_5x15_split_checker,
          nzn_winding_woodlands_5x5_three], layout_rooms,
          kennysheep_generic_room_3, uniq_joseph

Skill      XL: |  1  2  3  4  5  6  7  8  9 10 |
---------------+-------------------------------+-----
Dodging        | 3 4 5 |  5.0
Fighting       | 4 5 7 9 |  9.0
Long Blades    | 3 4 5 7 8 9 |  9.4
Invocations    | 1 3 5 7 8 |  8.7
Shields        | 4 5 |  5.8

Action                   |  1- 3 |  4- 6 |  7- 9 | 10-12 || total
-------------------------+-------+-------+-------+-------++-------
Melee: Long sword        |   134 |   193 |   215 |    53 ||   595
       Tailslap          |    15 |    26 |    32 |    11 ||    84
 Abil: Breathe Steam     |       |       |    13 |     2 ||    15
Evoke: Wand              |       |       |       |     8 ||     8
  Use: Scroll            |     4 |     3 |     7 |     1 ||    15
       Potion            |       |     1 |     2 |     3 ||     6
 Stab: Sleeping          |       |     1 |       |       ||     1
Armor: Skin              |    53 |    62 |    49 |    16 ||   180
Dodge: Dodged            |    75 |   153 |   121 |    38 ||   387
Block: Buckler           |    29 |    55 |    88 |    29 ||   201

Table legend: (Time is in decaauts)
 A = Elapsed time spent in this place.
 B = Non-inter-level travel time spent in this place.
 C = Inter-level travel time spent in this place.
 D = Time resting spent in this place.
 E = Time spent auto-exploring this place.
 F = Levels seen in this place.
 G = Mean time per level.
                   A        B        C        D        E       F      G
               +--------+--------+--------+--------+--------+-----+--------+
         Total |   7853 |   7655 |    198 |    771 |   5235 |   9 |  872.6 |
       Dungeon |   7412 |   7214 |    198 |    771 |   4928 |   8 |  926.5 |
       Ossuary |    441 |    441 |      0 |      0 |    307 |   1 |  441.0 |
               +--------+--------+--------+--------+--------+-----+--------+

Top non-repeatable levels by time:
     D:7: 1331 daAuts
     D:5: 1141 daAuts
     D:2: 1044 daAuts
     D:4: 992 daAuts
     D:6: 906 daAuts
     D:1: 851 daAuts
     D:3: 593 daAuts
     D:8: 550 daAuts
 Ossuary: 441 daAuts
